 Dungeon Sprint DCSS version 0.23.1 (webtiles) character file.

Game seed: 17598977203412749379

1507 wilfster70 the Covert (level 8, -13/65 HPs)
             Began as a Gnoll Enchanter on Mar 8, 2019.
             Was a Follower of Okawaru.
             Shot with an arrow by a centaur warrior (21 damage)
             ... in the Dungeon (Sprint I: "Red Sonja").
             The game lasted 00:02:35 (381 turns).

wilfster70 the Covert (Gnoll Enchanter)              Turns: 381, Time: 00:02:36

Health: -13/65     AC:  8    Str: 10    XL:     8   Next: 82%
Magic:  20/20      EV: 16    Int: 20    God:    Okawaru [*.....]
Gold:   380        SH:  0    Dex: 19    Spells: 18/24 levels left

rFire    . . .     SeeInvis .   a - +1 dagger
rCold    . . .     Gourm    .   (no shield)
rNeg     . . .     Faith    .   i - +0 ring mail
rPois    .         Spirit   .   (no helmet)
rElec    .         Reflect  .   (no cloak)
rCorr    .         Harm     .   c - +1 pair of gloves {Dex+3}
MR       .....     NoTele   +   (no boots)
Stlth    ++........             (no amulet)
HPRegen  0.20/turn              (no ring)
MPRegen  0.17/turn              (no ring)

@: very slow
A: distributed training, fangs 1, strong nose
a: Heroism, Renounce Religion


You were in the Dungeon.
You worshipped Okawaru.
Okawaru was aware of your devotion.
You were not hungry.

You visited 1 branch You collected 594 gold pieces.
You spent 214 gold pieces at shops.

Inventory:

Hand Weapons
 a - a +1 dagger (weapon)
 b - a +3 blowgun
Missiles
 l - 5 curare-tipped needles
Armour
 c - a +1 pair of gloves of dexterity (worn)
 i - a +0 ring mail (worn)
Scrolls
 j - a scroll of blinking
Potions
 e - a potion of curing
 f - a potion of heal wounds
 g - a potion of haste
 h - 2 potions of magic
 k - a potion of lignification {unknown}
Comestibles
 d - a ration


   Skills:
 + Level 6.8 Fighting
 + Level 7.3 Short Blades
 + Level 6.8 Long Blades
 + Level 6.8 Axes
 + Level 6.8 Maces & Flails
 + Level 6.8 Polearms
 + Level 6.8 Staves
 + Level 6.8 Slings
 + Level 6.8 Bows
 + Level 6.8 Crossbows
 + Level 6.8 Throwing
 + Level 6.8 Armour
 + Level 8.3 Dodging
 + Level 9.1 Stealth
 + Level 6.8 Shields
 + Level 6.8 Unarmed Combat
 + Level 8.5 Spellcasting
 + Level 5.6 Conjurations
 + Level 7.9 Hexes
 + Level 5.6 Charms
 + Level 5.6 Summonings
 + Level 5.6 Necromancy
 + Level 5.6 Translocations
 + Level 5.6 Transmutations
 + Level 5.6 Fire Magic
 + Level 5.6 Ice Magic
 + Level 5.6 Air Magic
 + Level 5.6 Earth Magic
 + Level 5.6 Poison Magic
 + Level 7.4 Invocations
 + Level 6.8 Evocations


You had 18 spell levels left.
You knew the following spells:

 Your Spells              Type           Power        Failure   Level  Hunger
a - Corona                Hex            #####..      1%          1    None
b - Ensorcelled Hibernat  Hex/Ice        #####.       1%          2    None
c - Confuse               Hex            #####...     1%          3    None

Your spell library contained the following spells:

 Spells                   Type           Power        Failure   Level  Hunger
 Tukima's Dance           Hex            #####...     1%          3    None
 Dazzling Spray           Conj/Hex       #####.       3%          3    None


Dungeon Overview and Level Annotations

Branches:
Dungeon (1/1)

Altars:
Cheibriados
Dithmenos
Elyvilon
Fedhas
Gozag
Hepliaklqana
Kikubaaqudgha
Nemelex Xobeh
Okawaru
Qazlal
Ru
Sif Muna
Trog
Uskayaw
Vehumet
Wu Jian
Yredelemnul
Zin
The Shining One

Shops:
D (:[


Innate Abilities, Weirdness & Mutations

Your experience applies equally to all skills.
You have very sharp teeth.
Your uncanny sense of smell can sniff out nearby items.


Message History

You now have 360 gold pieces (gained 9).
You now have 380 gold pieces (gained 20).
You open the door. 2 centaur warriors come into view.
The centaur warrior moves out of view. x2
There is an open door here.
You enter the shallow water.
Moving in this stuff is going to be slow.
The centaur warrior shouts!
The centaur warrior wields a +0 longbow.
The centaur warrior shoots an arrow.
The arrow hits you!
You hear a splash.
The centaur warrior wields a +0 shortbow.
The centaur warrior shoots an arrow.
The arrow hits you!!
You hear a splash.
The centaur warrior shoots an arrow.
The arrow hits you!!
* * * LOW HITPOINT WARNING * * *
You hear a splash.
The centaur warrior shoots an arrow.
The arrow hits you!!
You die...

##############
.#.[').#.)'..# ∆∆
.'..#..'..#..+ ∆∆
.#####'#####'# ###
.####..#...#.####§§# ∆
.#__####..##.#§§§§c#∆∆
.#_____##'#_.+§§§§§+
⌠#_.∩...'..._#§§@§c#∆∆
##_..__##_.#'##§####
∆#_____###'#.#§.§.###
∆
##########.####'###.##
∆
^.......'...'.....'[∩#
#++++####.).##########
∆ ##.## ∆ ∆#+#∆ ∆
∆∆∆∆∆ ∆∆


You could see 2 centaur warriors.

Vanquished Creatures
  Sonja (D)
  A deep troll (D)
  Sigmund (D)
  A yak (D)
  An ogre (D)
  A jelly (D)
  Ijyb (D)
7 creatures vanquished.

Vanquished Creatures (others)
  A gargoyle (D)
1 creature vanquished.

Grand Total: 8 creatures vanquished

Notes
Turn   | Place    | Note
-------+----------+-------------------------------------------
     0 | D        | wilfster70 the Gnoll Enchanter began the quest for the Orb.
     0 | D        | Reached XP level 1. HP: 13/13 MP: 6/6
     1 | D        | Noticed Ijyb
    14 | D        | Killed Ijyb
    14 | D        | Reached skill level 1 in Fighting
    14 | D        | Reached skill level 1 in Long Blades
    14 | D        | Reached skill level 1 in Axes
    14 | D        | Reached skill level 1 in Maces & Flails
    14 | D        | Reached skill level 1 in Polearms
    14 | D        | Reached skill level 1 in Staves
    14 | D        | Reached skill level 1 in Slings
    14 | D        | Reached skill level 1 in Bows
    14 | D        | Reached skill level 1 in Crossbows
    14 | D        | Reached skill level 1 in Throwing
    14 | D        | Reached skill level 1 in Armour
    14 | D        | Reached skill level 6 in Stealth
    14 | D        | Reached skill level 1 in Shields
    14 | D        | Reached skill level 1 in Unarmed Combat
    14 | D        | Reached skill level 5 in Spellcasting
    14 | D        | Reached skill level 1 in Conjurations
    14 | D        | Reached skill level 1 in Charms
    14 | D        | Reached skill level 1 in Summonings
    14 | D        | Reached skill level 1 in Necromancy
    14 | D        | Reached skill level 1 in Translocations
    14 | D        | Reached skill level 1 in Transmutations
    14 | D        | Reached skill level 1 in Fire Magic
    14 | D        | Reached skill level 1 in Ice Magic
    14 | D        | Reached skill level 1 in Air Magic
    14 | D        | Reached skill level 1 in Earth Magic
    14 | D        | Reached skill level 1 in Poison Magic
    14 | D        | Reached skill level 1 in Invocations
    14 | D        | Reached skill level 1 in Evocations
    14 | D        | Reached XP level 2. HP: 21/22 MP: 8/8
    14 | D        | Reached XP level 3. HP: 25/27 MP: 9/9
    20 | D        | Learned a level 2 spell: Ensorcelled Hibernation
    24 | D        | Learned a level 3 spell: Confuse
   109 | D        | Noticed an ogre
   114 | D        | Killed an ogre
   114 | D        | Reached skill level 5 in Dodging
   114 | D        | Reached XP level 4. HP: 24/34 MP: 3/11
   158 | D        | Killed a gargoyle
   208 | D        | Noticed Sigmund
   211 | D        | Killed Sigmund
   211 | D        | Reached skill level 5 in Short Blades
   211 | D        | Reached skill level 7 in Stealth
   211 | D        | Reached XP level 5. HP: 42/42 MP: 12/14
   211 | D        | Reached XP level 6. HP: 48/48 MP: 12/15
   242 | D        | Found a deep blue altar of Sif Muna.
   243 | D        | Found an ornate altar of the Wu Jian Council.
   244 | D        | Found a radiant altar of Vehumet.
   275 | D        | Found Witof's Book Emporium.
   275 | D        | Found an ancient bone altar of Kikubaaqudgha.
   275 | D        | Found a hazy altar of Hepliaklqana.
   275 | D        | Found a hide-covered altar of Uskayaw.
   275 | D        | Found a basalt altar of Yredelemnul.
   275 | D        | Found an opulent altar of Gozag.
   275 | D        | Found a snail-covered altar of Cheibriados.
   275 | D        | Found a sacrificial altar of Ru.
   275 | D        | Found a shadowy altar of Dithmenos.
   275 | D        | Noticed a yak
   276 | D        | Found a stormy altar of Qazlal.
   276 | D        | Found a blossoming altar of Fedhas.
   276 | D        | Found a bloodstained altar of Trog.
   276 | D        | Found an iron altar of Okawaru.
   276 | D        | Found a glowing golden altar of the Shining One.
   276 | D        | Found a glowing silver altar of Zin.
   276 | D        | Found a white marble altar of Elyvilon.
   277 | D        | Killed a yak
   277 | D        | Reached skill level 5 in Invocations
   277 | D        | Reached XP level 7. HP: 55/55 MP: 15/17
   278 | D        | Found a sparkling altar of Nemelex Xobeh.
   283 | D        | Became a worshipper of Warmaster Okawaru
   299 | D        | Noticed Sonja
   303 | D        | Killed Sonja
   303 | D        | Reached * piety under Okawaru
   303 | D        | Reached skill level 8 in Stealth
   303 | D        | Reached skill level 5 in Conjurations
   303 | D        | Reached skill level 5 in Charms
   303 | D        | Reached skill level 5 in Summonings
   303 | D        | Reached skill level 5 in Necromancy
   303 | D        | Reached skill level 5 in Translocations
   303 | D        | Reached skill level 5 in Transmutations
   303 | D        | Reached skill level 5 in Fire Magic
   303 | D        | Reached skill level 5 in Ice Magic
   303 | D        | Reached skill level 5 in Air Magic
   303 | D        | Reached skill level 5 in Earth Magic
   303 | D        | Reached skill level 5 in Poison Magic
   303 | D        | Reached XP level 8. HP: 64/64 MP: 18/20
   319 | D        | Found Duowet's Weapon Boutique.
   339 | D        | Noticed a deep troll
   343 | D        | Killed a deep troll
   343 | D        | Reached skill level 9 in Stealth
   356 | D        | Found Ceshenoa's Armour Emporium.
   361 | D        | Bought a +1 pair of gloves of dexterity for 214 gold pieces
   380 | D        | Noticed a centaur warrior
   380 | D        | Noticed a centaur warrior
   381 | D        | Shot with an arrow by a centaur warrior

Skill      XL: |  1  2  3  4  5  6  7  8 |
---------------+-------------------------+-----
Fighting       | 1 2 4 6 |  6.8
Short Blades   | 3 5 6 7 |  7.3
Long Blades    | 1 2 4 6 |  6.8
Axes           | 1 2 4 6 |  6.8
Maces & Flails | 1 2 4 6 |  6.8
Polearms       | 1 2 4 6 |  6.8
Staves         | 1 2 4 6 |  6.8
Slings         | 1 2 4 6 |  6.8
Bows           | 1 2 4 6 |  6.8
Crossbows      | 1 2 4 6 |  6.8
Throwing       | 1 2 4 6 |  6.8
Armour         | 1 2 4 6 |  6.8
Stealth        | 6 7 8 9 |  9.1
Shields        | 1 2 4 6 |  6.8
Unarmed Combat | 1 2 4 6 |  6.8
Spellcasting   | 5 6 7 8 |  8.5
Conjurations   | 1 2 3 4 5 |  5.6
Charms         | 1 2 3 4 5 |  5.6
Summonings     | 1 2 3 4 5 |  5.6
Necromancy     | 1 2 3 4 5 |  5.6
Translocations | 1 2 3 4 5 |  5.6
Transmutations | 1 2 3 4 5 |  5.6
Fire Magic     | 1 2 3 4 5 |  5.6
Ice Magic      | 1 2 3 4 5 |  5.6
Air Magic      | 1 2 3 4 5 |  5.6
Earth Magic    | 1 2 3 4 5 |  5.6
Poison Magic   | 1 2 3 4 5 |  5.6
Invocations    | 1 3 4 5 6 7 |  7.4
Evocations     | 1 2 4 6 |  6.8
Dodging        | 5 6 7 8 |  8.3
Hexes          | 6 7 |  7.9

Action                   |  1- 3 |  4- 6 |  7- 9 || total
-------------------------+-------+-------+-------++-------
Melee: Dagger            |    11 |     3 |     2 ||    16
       Bite              |     1 |       |       ||     1
 Cast: Ensorcelled Hiber |     2 |     1 |     1 ||     4
  Use: Potion            |     1 |       |       ||     1
 Stab: Sleeping          |     1 |     3 |     2 ||     6
Dodge: Dodged            |     5 |       |       ||     5
